 Dungeon Crawl Stone Soup version bcrawl-1.21.3 (webtiles) character file.

Game seed: 2785174989520934895

9669 funkygono the Destroyer (level 11, -11/65 HPs)
             Began as a Fairy Conjurer on Apr 8, 2020.
             Was a Believer of Vehumet.
             Hit by a large rock thrown by a cyclops (46 damage)
             ... on level 9 of the Dungeon on Apr 9, 2020.
             The game lasted 00:27:38 (9456 turns).

funkygono the Destroyer (Fairy Conjurer)            Turns: 9456, Time: 00:27:38

Health: -11/65     AC: 12    Str:  6    XL:     11   Next: 50%
Magic:  24/30      EV: 19    Int: 23    God:    Vehumet [**....]
Gold:   451        SH: 12    Dex: 12    Spells: 25/36 levels left

rFire    . . .     SeeInvis .   f - +2 dagger (venom)
rCold    . . .     Gourm    .   B - +1 buckler
rNeg     . . .     Faith    .   (armour unavailable)
rPois    .         Spirit   .   v - +1 helmet
rElec    .         Reflect  .   q - +1 cloak
rCorr    .         Harm     .   D - +1 pair of gloves (curse)
MR       +....                  (no boots)
Stlth    +.........             (no amulet)
HPRegen  0.20/turn              (no ring)
MPRegen  0.22/turn              (no ring)

@: flying evasively
A: small, magic attunement, unstealthy, unfitting armour, able to fly, AC/SH +6
a: Stop Flying, Renounce Religion


You were on level 9 of the Dungeon.
You worshipped Vehumet.
Vehumet was pleased with you.
You were not hungry.

You visited 2 branches of the dungeon, and saw 10 of its levels.
You also visited: Sewer.

You collected 451 gold pieces.

Inventory:

Hand Weapons
 f - a +2 dagger of venom (weapon)
Missiles
 a - 2042 stones (quivered)
Armour
 q - a +1 cloak (worn)
 v - a +1 helmet (worn)
 B - a +1 buckler (worn)
 D - a cursed +1 pair of gloves (worn)
Scrolls
 d - a scroll of magic mapping
 g - 2 scrolls of teleportation
 y - 2 scrolls of amnesia
Potions
 b - 3 potions of magic
 c - a potion of brilliance
 h - a potion of invisibility
 i - a potion of cancellation
 j - 3 potions of resistance
 k - 7 potions of curing
 n - a potion of haste
 o - a potion of degeneration {unknown}
 p - 2 potions of heal wounds
 s - a potion of agility {unknown}
 u - 2 potions of mutation
 z - a potion of might {unknown}
Comestibles
 e - 14 rations {!d}
 l - 14 chunks of flesh


   Skills:
 + Level 2.3 Fighting
 + Level 7.5 Dodging
 + Level 3.2 Stealth
 + Level 1.3 Shields
 + Level 13.2 Spellcasting
 + Level 13.3 Conjurations
 * Level 1.4 Ice Magic
 * Level 4.4 Air Magic
 * Level 0.3 Earth Magic


You had 25 spell levels left.
You knew the following spells:

 Your Spells              Type           Power        Failure   Level  Hunger
a - Magic Dart            Conj           ####         1%          1    None
b - Searing Ray           Conj           ######..     1%          2    None
c - Iskenderun's Mystic   Conj           ######..     1%          3    None
d - Shock                 Conj/Air       #####        1%          1    None
e - Freeze                Ice            ###...       1%          1    None
f - Stone Arrow           Conj/Erth      #####.       1%          3    None

Your spell library contained the following spells:

 Spells                   Type           Power        Failure   Level  Hunger
 Dazzling Spray           Conj/Hex       #####.       1%          3    None
 Fulminant Prism          Conj/Hex       #####.....   1%          4    None
 Irradiate                Conj/Tmut      #####.....   3%          5    None
 Corona                   Hex            ###....      6%          1    None
 Ensorcelled Hibernation  Hex/Ice        ###...       7%          2    None
 Confuse                  Hex            ###.....     19%         3    None
 Tukima's Dance           Hex            ###.....     19%         3    None


Dungeon Overview and Level Annotations

Branches:
Dungeon (9/12)             Temple (1/1) D:7            Lair (0/6) D:8
    Orc (0/1) D:8

Altars:
Ashenzari
Cheibriados
Dithmenos
Elyvilon
Fedhas
Gozag
Hepliaklqana
Kikubaaqudgha
Lugonu
Makhleb
Nemelex Xobeh
Okawaru
Qazlal
Ru
Sif Muna
Trog
Uskayaw
Vehumet
Wu Jian
Xom
Yredelemnul
Zin
The Shining One
Beogh

Shops:
D:7 %*!


Innate Abilities, Weirdness & Mutations

Your spells do not cause hunger and MP costs are reduced by 1.
Your bright wings attract enemies. (Stealth-)
You cannot fit into any form of body armour.
Your shimmering scales are hard and can block incoming attacks. (AC +6, SH +6)
You are small and have problems with some larger weapons.
You can fly continuously.


Message History

The stone arrow hits the cyclops!!
The cyclops is moderately wounded.
Casting: Stone Arrow (safe; 1% risk of failure)
Confirm with . or Enter, or press ? or * to list all spells.
Aiming: Stone Arrow (safe; 1% risk of failure)
Press: ? - help, Shift-Dir - straight line, f/p - cyclops
Aim: a cyclops, quivering 60 large rocks (moderately wounded)
The stone arrow hits the cyclops!
The cyclops is severely wounded.
The cyclops throws a large rock.
The large rock hits you!!
Casting: Stone Arrow (safe; 1% risk of failure)
Confirm with . or Enter, or press ? or * to list all spells.
Aiming: Stone Arrow (safe; 1% risk of failure)
Press: ? - help, Shift-Dir - straight line, f/p - cyclops
Aim: a cyclops, quivering 59 large rocks (severely wounded)
The stone arrow hits the cyclops!
The cyclops is almost dead.
The cyclops throws a large rock.
The large rock hits you!!!
Ouch! That really hurt!
You die...

.......#.......#
.......#.......#..%....
......Y#..##...#.......
.......#..##.<.+.......
....Y..#..#....#.......
.......#..##'###.......
.....Y.#..##รทรท.#.......
<......'.......#.......
.......#......@'.......
.......#####...#C......
....... #...#.......
####### ......#..<....
........#.......
...######....... ##+
...C... .......


You could see a cyclops.

Vanquished Creatures
  Pikel (D:4)
  A manticore (D:7)
  A centaur skeleton (D:8)
  A yaktaur (D:8)
  3 hippogriffs
  A meliai zombie (D:9)
  Sigmund (D:3)
  Eustachio (D:4)
  2 wyverns (D:8)
  15 yaks
  6 hungry ghosts
  A human (D:7)
  3 hogs (D:7)
  3 wargs (D:8)
  3 orc warriors
  3 ice beasts (D:7)
  A black bear (D:6)
  A phantom (D:6)
  4 centaurs
  2 ogres
  A bullfrog (D:7)
  3 big kobolds
  2 scorpions
  A water moccasin skeleton (D:6)
  5 wights (D:7)
  2 howler monkeys
  4 crimson imps
  A bullfrog zombie (D:6)
  A bullfrog skeleton (D:6)
  A jelly (D:6)
  12 orc priests
  A gnoll shaman (D:8)
  3 hounds
  7 orc wizards
  Ijyb (D:3)
  4 worker ants
  A hound zombie (D:6)
  A hound skeleton (D:6)
  3 gnolls
  A worker ant zombie (D:6)
  8 adders
  A river rat (Sewer)
  2 shadow imps (D:6)
  3 worms
  9 leopard geckos
  37 orcs
  2 ball pythons
  3 giant cockroaches
  8 goblins
  13 hobgoblins
  7 jackals
  4 quokkas
  A bat (D:1)
  4 frilled lizards
  26 kobolds
  9 rats
246 creatures vanquished.

Notes
Turn   | Place    | Note
-------+----------+-------------------------------------------
     0 | D:1      | funkygono the Fairy Conjurer began the quest for the Orb.
     0 | D:1      | Reached XP level 1. HP: 11/11 MP: 6/6
    80 | D:1      | Reached skill level 5 in Conjurations
   361 | D:1      | Reached XP level 2. HP: 17/17 MP: 7/7
   703 | D:2      | Learned a level 2 spell: Searing Ray
   770 | D:2      | Reached XP level 3. HP: 21/21 MP: 7/9
   775 | D:2      | Learned a level 3 spell: Iskenderun's Mystic Blast
   815 | D:2      | Noticed an ogre
   820 | D:2      | Killed an ogre
   820 | D:2      | Reached XP level 4. HP: 27/27 MP: 8/11
   929 | D:2      | Reached XP level 5. HP: 31/31 MP: 10/12
  1771 | D:3      | Reached XP level 6. HP: 36/36 MP: 2/14
  1869 | D:3      | Found a hazy altar of Hepliaklqana.
  1979 | D:3      | Noticed Ijyb
  1996 | D:3      | Killed Ijyb
  2012 | D:3      | Noticed Sigmund
  2028 | D:3      | Killed Sigmund
  2028 | D:3      | Reached skill level 5 in Spellcasting
  2432 | D:3      | Reached XP level 7. HP: 41/41 MP: 17/17
  2800 | D:4      | Noticed a hippogriff
  2808 | D:4      | Killed a hippogriff
  3042 | D:4      | Noticed Eustachio
  3054 | D:4      | Killed Eustachio
  3054 | D:4      | Reached XP level 8. HP: 46/46 MP: 15/20
  3165 | D:4      | Noticed Pikel
  3173 | D:4      | Killed Pikel
  3284 | D:4      | Found a glowing silver altar of Zin.
  3355 | D:5      | Entered Level 5 of the Dungeon
  3391 | D:5      | Reached skill level 10 in Conjurations
  3975 | D:5      | Found a glowing drain.
  3979 | Sewer    | Entered a sewer
  4077 | Sewer    | Reached XP level 9. HP: 52/52 MP: 12/24
  4167 | Sewer    | Found a glowing silver altar of Zin.
  4650 | D:6      | Reached skill level 1 in Fighting
  4650 | D:6      | Reached skill level 5 in Dodging
  4796 | D:6      | Reached skill level 10 in Spellcasting
  5178 | D:6      | Reached XP level 10. HP: 58/59 MP: 15/26
  5702 | D:7      | Found Nitygaf's Distillery.
  5733 | D:7      | Found a staircase to the Ecumenical Temple.
  5742 | Temple   | Entered the Ecumenical Temple
  5761 | Temple   | Became a worshipper of Vehumet
  6249 | D:7      | Noticed a manticore
  6260 | D:7      | Killed a manticore
  6729 | D:7      | Found Reik's Food Shoppe.
  6908 | D:7      | Found Voshruv's General Store.
  7063 | D:7      | Reached * piety under Vehumet
  7063 | D:7      | Offered knowledge of Shock by Vehumet.
  7074 | D:7      | Learned a level 1 spell: Shock
  7644 | D:8      | Found a staircase to the Orcish Mines.
  7724 | D:8      | Found a staircase to the Lair.
  7733 | D:8      | Reached skill level 1 in Air Magic
  7736 | D:8      | Reached XP level 11. HP: 39/64 MP: 18/29
  7741 | D:8      | Reached ** piety under Vehumet
  7741 | D:8      | Offered knowledge of Freeze by Vehumet.
  7901 | D:8      | Learned a level 1 spell: Freeze
  8401 | D:8      | Reached skill level 1 in Shields
  8802 | D:8      | Found a roughly hewn altar of Beogh.
  8809 | D:8      | Offered knowledge of Stone Arrow by Vehumet.
  8815 | D:8      | Learned a level 3 spell: Stone Arrow
  9343 | D:9      | Reached skill level 1 in Ice Magic
  9442 | D:9      | Noticed a cyclops
  9456 | D:9      | Hit by a large rock thrown by a cyclops

Skill      XL: |  1  2  3  4  5  6  7  8  9 10 11 |
---------------+----------------------------------+-----
Conjurations   | 5 6 7 8 9 10 11 12 13 | 13.3
Spellcasting   | 3 4 5 7 9 10 12 13 | 13.2
Dodging        | 3 4 5 7 |  7.5
Stealth        | 2 3 |  3.2
Fighting       | 1 2 |  2.3
Air Magic      | 1 4 |  4.4
Shields        | 1 |  1.3
Ice Magic      | 1 |  1.4
Earth Magic    | |  0.3

Action                   |  1- 3 |  4- 6 |  7- 9 | 10-12 || total
-------------------------+-------+-------+-------+-------++-------
Melee: Unarmed           |       |    15 |       |       ||    15
       Dagger            |       |       |     1 |       ||     1
 Cast: Magic Dart        |    42 |    62 |    79 |    68 ||   251
       Searing Ray       |     2 |    13 |    30 |    38 ||    83
       Iskenderun's Myst |       |       |    29 |    25 ||    54
       Shock             |       |       |       |    53 ||    53
       Stone Arrow       |       |       |       |     7 ||     7
       Freeze            |       |       |       |     1 ||     1
  Use: Scroll            |     3 |     4 |     6 |    10 ||    23
  Eat: Chunk             |       |     1 |     9 |     9 ||    19
       Ration            |       |     1 |       |     2 ||     3
Armor: Skin              |     1 |     3 |     5 |    16 ||    25
Dodge: Dodged            |     1 |    29 |    33 |    77 ||   140
Block: Other             |       |     3 |    19 |    13 ||    35
       Buckler           |       |       |       |    23 ||    23
